 Dungeon Crawl Stone Soup version 0.21.1-1-g345015f (webtiles) character file.

98 letownia2 the Charmwright (level 4, -3/33 HPs)
             Began as a Merfolk Skald on Mar 15, 2018.
             Was an Initiate of Cheibriados.
             Killed from afar by an orc wizard (8 damage)
             ... with a magic dart
             ... on level 7 of the Dungeon.
             The game lasted 00:03:34 (409 turns).

letownia2 the Charmwright (Merfolk Skald)            Turns: 409, Time: 00:03:35

Health: -3/33      AC:  3    Str: 13    XL:     4   Next: 69%
Magic:  1/7        EV: 12    Int: 13    God:    Cheibriados [......]
Gold:   11         SH:  0    Dex: 14    Spells: 1/7 levels left

rFire    . . .     SeeInvis .   g - +2 dagger (elec)
rCold    . . .     Gourm    .   (no shield)
rNeg     . . .     Faith    .   b - +0 leather armour
rPois    .         Spirit   .   (no helmet)
rElec    .         Reflect  .   (no cloak)
rCorr    .         Harm     .   (no gloves)
MR       .....                  (no boots)
Stlth    +.........             (no amulet)
HPRegen  0.11/turn              (no ring)
MPRegen  0.10/turn              (no ring)

@: infused, hasted, quick
A: change form in water, swift swim, stealthy swim
a: Bend Time, Renounce Religion


You were on level 7 of the Dungeon.
You worshipped Cheibriados.
Cheibriados was noncommittal.
You were not hungry.

You visited 1 branch of the dungeon, and saw 7 of its levels.

You collected 11 gold pieces.

Inventory:

Hand Weapons
 a - a +0 spear
 g - a +2 dagger of electrocution (weapon)
Armour
 b - a +0 leather armour (worn)
Scrolls
 e - 2 scrolls of enchant armour {unknown}
 f - 2 scrolls of remove curse {unknown}
 i - 5 scrolls of identify {unknown}
 k - a scroll of blinking {unknown}
 l - a scroll of random uselessness {unknown}
Potions
 h - a potion of curing {unknown}
 j - a potion of might {unknown}
 n - a potion of haste
Books
 c - a book of Battle

   Spells                             Type                      Level
   a - Infusion                       Charms                       1
   b - Shroud of Golubria             Charms/Translocation         2
   c - Song of Slaying                Charms                       2
   d - Spectral Weapon                Hexes/Charms                 3
   e - Regeneration                   Charms/Necromancy            3
 m - a book of Misfortune

   Spells                             Type                      Level
   a - Confusing Touch                Hexes                        1
   b - Confuse                        Hexes                        3
   c - Gell's Gravitas                Translocation                3
   d - Petrify                        Transmutation/Earth          4
   e - Metabolic Englaciation         Hexes/Ice                    5
   f - Yara's Violent Unravelling     Hexes/Transmutation          5
Comestibles
 d - 3 rations


   Skills:
 - Level 2.1 Fighting
 - Level 3.0 Polearms
 - Level 0.6 Armour
 - Level 2.6 Dodging
 - Level 2.0 Spellcasting
 + Level 1.7 Hexes
 - Level 4.8 Charms
 + Level 1.4 Translocations


You had one spell level left.
You knew the following spells:

 Your Spells              Type           Power        Failure   Level  Hunger
a - Infusion              Chrm           ##..         4%          1    ##.....
t - Shroud of Golubria    Chrm/Tloc      #.........   14%         2    ###....
x - Spectral Weapon       Hex/Chrm       #.......     26%         3    ####...


Dungeon Overview and Level Annotations

Branches:
Dungeon (7/15)
 Temple: D:4-7

Altars:
Cheibriados
Uskayaw


Message History

The orc wizard barely misses you. The orc priest completely misses you.
Unknown command.
You completely miss the orc priest.
The orc priest is heavily wounded.
The orc wizard hits you with a dagger.
Unknown command.
You hit the orc priest.
The orc priest is severely wounded.
The orc priest hits you with a flail.
Unknown command.
You barely miss the orc priest.
The orc priest is severely wounded.
The orc wizard hits you with a dagger. The orc priest hits you with a flail.
* * * LOW HITPOINT WARNING * * *
Unknown command.
You barely miss the orc priest.
The orc priest is severely wounded.
The orc wizard casts a spell at you. The magic dart hits you!
You die...

#####
###.###...#
#<....oo..#
#@..##
#....
#....#
#....
####.#
#.... #.#
#.... #.#
#.... #.#
#....
#.#######.#
#....
..........#
#....
#####...###
#....


You could see an orc priest and an orc wizard.

Vanquished Creatures
  A hound (D:5)
  Jessica (D:3)
  An adder (D:3)
  An ooze (D:6)
  2 dart slugs
  A leopard gecko (D:5)
  5 orcs
  A giant cockroach (D:1)
  A goblin (D:1)
  A hobgoblin (D:1)
  2 bats
  A frilled lizard (D:1)
  A kobold (D:3)
19 creatures vanquished.

Notes
Turn   | Place    | Note
-------+----------+-------------------------------------------
     0 | D:1      | letownia2 the Merfolk Skald began the quest for the Orb.
     0 | D:1      | Reached XP level 1. HP: 16/16 MP: 3/3
   130 | D:3      | Found a snail-covered altar of Cheibriados.
   133 | D:3      | Reached XP level 2. HP: 22/22 MP: 5/5
   138 | D:3      | Became a worshipper of Cheibriados the Contemplative
   154 | D:3      | Reached skill level 4 in Charms
   156 | D:3      | Noticed Jessica
   158 | D:3      | Killed Jessica
   158 | D:3      | Reached XP level 3. HP: 27/27 MP: 6/6
   163 | D:3      | Learned a level 3 spell: Spectral Weapon
   166 | D:3      | Learned a level 2 spell: Shroud of Golubria
   171 | D:5      | Entered Level 5 of the Dungeon
   219 | D:4      | Found a hide-covered altar of Uskayaw.
   269 | D:5      | Reached skill level 1 in Hexes
   269 | D:5      | Reached skill level 1 in Translocations
   269 | D:5      | Reached XP level 4. HP: 23/33 MP: 3/7
   409 | D:7      | Killed from afar by an orc wizard

Skill      XL: |  1  2  3 |
---------------+----------+-----
Charms         | 4 |  4.8
Hexes          | 1 |  1.7
Translocations | 1 |  1.4
Fighting       | |  2.1
Polearms       | |  3.0
Armour         | |  0.6
Dodging        | |  2.6
Spellcasting   | |  2.0

Action                   |  1- 3 |  4- 6 || total
-------------------------+-------+-------++-------
Melee: Spear             |    18 |       ||    18
       Dagger            |    22 |    31 ||    53
 Cast: Infusion          |     2 |     1 ||     3
       Shroud of Golubri |     3 |     4 ||     7
  Use: Potion            |       |     1 ||     1
Armor: Leather armour    |     7 |     2 ||     9
Dodge: Dodged            |    27 |    14 ||    41
